 Dungeon Sprint DCSS version 0.21-a0-401-g0b6bec4 (webtiles) character file.

6368 Amnesiac the Geomancer (level 10, -25/80 HPs)
             Began as a Demonspawn Earth Elementalist on Oct 21, 2017.
             Was the Champion of Dithmenos.
             Annihilated by a lorocyproca (26 damage)
             ... in the Dungeon (Sprint I: "Red Sonja").
             The game lasted 00:13:55 (1388 turns).

Amnesiac the Geomancer (DsEE)                       Turns: 1388, Time: 00:13:56

Health: -25/80     AC:  9    Str:  6 (7)  XL:     10   Next: 65%
Magic:  0/19       EV: 15    Int: 17 (18) God:    Dithmenos [******]
Gold:   275        SH:  0    Dex: 13      Spells: 15/30 levels left

rFire    + . .     SeeInvis .   o - +1 dagger (venom)
rCold    + + .     Gourm    .   (no shield)
rNeg     . . .     Faith    .   s - +1 robe {rC+ rF+}
rPois    .         Spirit   .   (helmet restricted)
rElec    .         Reflect  .   i - +0 cloak
rCorr    .         Harm     .   (no gloves)
MR       .....     NoTele   +   (no boots)
Stlth    +++++++...             (no amulet)
HPRegen  0.23/turn              r - +5 ring of protection
MPRegen  0.16/turn              (no ring)

@: very slightly contaminated, wreathed by umbra
A: antennae 2, hooves 1, cold resistance 1, deterioration 2, dopey 1, low mp 2,
robust 1, spiny 1, weak 1
a: Shadow Step, Shadow Form, Renounce Religion


You were in the Dungeon.
You worshipped Dithmenos.
Dithmenos was exalted by your worship.
You were not hungry.

You visited 1 branch You collected 934 gold pieces.
You spent 659 gold pieces at shops.

Inventory:

Hand Weapons
 m - a +0 blowgun
 o - a +1 dagger of venom (weapon)
Missiles
 b - a stone (quivered)
 l - 4 curare-tipped needles
Armour
 c - a +0 pair of gloves
 g - a +0 buckler
 i - a +0 cloak (worn)
 s - a +1 robe of resistance (worn)
Jewellery
 r - a +5 ring of protection (left hand)
Wands
 a - a wand of polymorph (11/24)
Scrolls
 n - a scroll of remove curse {!r}
 p - 4 scrolls of identify {!r}
 q - 3 scrolls of enchant armour {!r}
Potions
 e - a potion of curing {!q}
Books
 k - a book of Geomancy

   Spells                             Type                      Level
   a - Sandblast                      Earth                        1
   b - Passwall                       Transmutation/Earth          2
   c - Stone Arrow                    Conjuration/Earth            3
   d - Petrify                        Transmutation/Earth          4
   e - Lee's Rapid Deconstruction     Earth                        5
Comestibles
 d - a bread ration


   Skills:
 + Level 4.6 Fighting
 - Level 9.3 Short Blades
 - Level 6.0 Dodging
 - Level 10.0 Stealth
 - Level 3.9 Shields
 - Level 10.5 Spellcasting
 - Level 6.8 Transmutations
 - Level 13.4 Earth Magic


You had 15 spell levels left.
You knew the following spells:

 Your Spells              Type           Power        Failure   Level  Hunger
a - Sandblast             Erth           ######       1%          1    None
b - Passwall              Tmut/Erth      #####.....   1%          2    None
c - Stone Arrow           Conj/Erth      ####..       1%          3    None
d - Lee's Rapid Deconstr  Erth           ######....   1%          5    #####..
e - Petrify               Tmut/Erth      #####...     1%          4    ###....


Dungeon Overview and Level Annotations

Branches:
Dungeon (1/1)

Altars:
Cheibriados
Dithmenos
Elyvilon
Fedhas
Gozag
Hepliaklqana
Kikubaaqudgha
Makhleb
Nemelex Xobeh
Okawaru
Qazlal
Ru
Sif Muna
Trog
Uskayaw
Vehumet
Wu Jian
Xom
Yredelemnul
Zin
The Shining One
Jiyva
Lugonu

Shops:
D (*}[?=


Innate Abilities, Weirdness & Mutations

You have a pair of antennae on your head.
You have large cloven feet.
Your flesh is cold resistant. (rC+)
You are partially covered in sharp spines.
Your body often deteriorates upon taking damage.
You are dopey. (Int -2)
Your magical capacity is very low. (-20% MP)
You are robust. (+10% HP)
You are weak. (Str -2)


Message History

Okay, then.
Really read
n - 2 scrolls labeled KEICZE TAOFO {!r}?
Okay, then.
Really read
j - a scroll of blinking {!r}?
Blink to where?
Press: ? - help, Dir - move target cursor Really blink into a travel-excluded area?
You are very lightly contaminated with residual magic.
As you read the scroll of blinking {!r}, it crumbles to dust.
Found 21 bolts and 486 gold pieces.
You already know all available spells.
Really read
h - a scroll labeled BORIOCH FYJUTU {!r}?
As you read the scroll labeled BORIOCH FYJUTU {!r}, it crumbles to dust.
You experience a momentary feeling of inescapable doom!
It was a scroll of random uselessness {!r}.
Really read
n - 2 scrolls labeled KEICZE TAOFO {!r}?
As you read the scroll labeled KEICZE TAOFO {!r}, it crumbles to dust.
You feel blessed for a moment.
It was a scroll of remove curse {!r}.
You close the large door.
Found 135 gold pieces.
You see here 27 gold pieces.
Really walk into that cloud of freezing vapour?
Okay, then.
Found 135 gold pieces.
You see here 21 bolts.
Something unseen opens the large door.
Found 81 gold pieces.
You see here 27 gold pieces.
You see here 27 gold pieces.
You see here 27 gold pieces.
You open the door.
Found a pair of gloves and a scroll labeled DAEFEN SAMPAUL.
There is an open door here.
You see here a pair of gloves.
You close the door.
c - a pair of gloves Something unseen opens the door.
You see here a scroll labeled DAEFEN SAMPAUL {!r}.
f - a scroll labeled DAEFEN SAMPAUL {!r} Really read
f - a scroll labeled DAEFEN SAMPAUL {!r}?
As you read the scroll labeled DAEFEN SAMPAUL {!r}, it crumbles to dust.
It is a scroll of amnesia.
Forget which spell ([?*] list [ESC] exit)?
Forget which spell ([?*] list [ESC] exit)?
Okay, then.
Something hits you!
Your body deteriorates!
You feel weakened.
You emit a cloud of dark smoke.
You feel your power leaking away.
Okay, then.
Okay, then.
Really quaff
e - 2 potions of curing {!q}?
You feel better. Something hits you!!
* * * LOW HITPOINT WARNING * * *
You emit a cloud of dark smoke.
No target in view!
You closely miss something. You completely miss something. Something hits you!!
* * * LOW HITPOINT WARNING * * *
Okay, then.
Okay, then.
You hit something but do no damage. You hit something but do no damage.
Something hits you!!
You die...

..._#§§§ {
#..^. §.{$$$#
_.#'# +#
###§.§#.....#
#'#.#
.§.###''##
#÷### ..###..##
...+ { ####$$#
# ...#
#$$#($#$###
#.### {
#$$$$$§$$$#
#.#.#{{
####$$$$$$$$$#
....#
{#@{§$$$$$$####
....#{{{ {
#####$$$###
#####{{{ #####


{{{{ { { {{{ There were no monsters in sight!

Vanquished Creatures
  Sonja (D)
  A lindwurm (D)
  8 shining eyes (D)
  A gargoyle (D)
  2 kobold demonologists (D)
  A demonic crawler (D)
  A meliai (D)
  A slime creature (D)
  Sigmund (D)
  A yak (D)
  5 floating eyes (D)
  An ogre (D)
  A jelly (D)
  Ijyb (D)
  5 ballistomycetes (D)
  A ballistomycete spore (D)
32 creatures vanquished.

Vanquished Creatures (others)
  A gargoyle (D)
  A ballistomycete spore (D)
2 creatures vanquished.

Grand Total: 34 creatures vanquished

Notes
Turn   | Place    | Note
-------+----------+-------------------------------------------
     0 | D        | Amnesiac the Demonspawn Earth Elementalist began the quest for the Orb.
     0 | D        | Reached XP level 1. HP: 13/13 MP: 3/3
     1 | D        | Noticed Ijyb
     7 | D        | Killed Ijyb
     7 | D        | Reached skill level 5 in Earth Magic
     7 | D        | Gained mutation: You are partially covered in sharp spines. [demonic ancestry]
     7 | D        | Reached XP level 2. HP: 19/19 MP: 2/6
    49 | D        | Learned a level 2 spell: Passwall
    92 | D        | Found a shadowy altar of Dithmenos.
    92 | D        | Found a sacrificial altar of Ru.
    92 | D        | Found a snail-covered altar of Cheibriados.
    92 | D        | Found an opulent altar of Gozag.
    92 | D        | Found a sparkling altar of Nemelex Xobeh.
    92 | D        | Found a basalt altar of Yredelemnul.
    92 | D        | Found a hide-covered altar of Uskayaw.
    92 | D        | Found a hazy altar of Hepliaklqana.
    92 | D        | Found an ancient bone altar of Kikubaaqudgha.
    92 | D        | Found Bojex's Armour Emporium.
    92 | D        | Found a glowing golden altar of the Shining One.
    92 | D        | Found an iron altar of Okawaru.
    92 | D        | Found a bloodstained altar of Trog.
    92 | D        | Found a blossoming altar of Fedhas.
    92 | D        | Found a stormy altar of Qazlal.
    92 | D        | Found a white marble altar of Elyvilon.
    92 | D        | Found a glowing silver altar of Zin.
    92 | D        | Noticed a yak
    92 | D        | Became a worshipper of Dithmenos the Shadowed
   130 | D        | Noticed an ogre
   134 | D        | Killed an ogre
   134 | D        | Reached skill level 5 in Spellcasting
   134 | D        | Reached skill level 7 in Earth Magic
   134 | D        | Gained mutation: You have a pair of small antennae on your head. [demonic ancestry]
   134 | D        | Reached XP level 3. HP: 24/24 MP: 3/9
   134 | D        | Gained mutation: You have a pair of antennae on your head. [demonic ancestry]
   134 | D        | Reached XP level 4. HP: 30/30 MP: 3/11
   140 | D        | Learned a level 4 spell: Petrify
   146 | D        | Learned a level 3 spell: Stone Arrow
   201 | D        | Noticed Sigmund
   205 | D        | Killed Sigmund
   205 | D        | Reached * piety under Dithmenos
   205 | D        | Reached skill level 9 in Earth Magic
   205 | D        | Reached XP level 5. HP: 27/35 MP: 8/14
   205 | D        | Reached XP level 6. HP: 31/41 MP: 8/15
   242 | D        | Found a deep blue altar of Sif Muna.
   243 | D        | Found an ornate altar of the Wu Jian Council.
   246 | D        | Reached skill level 10 in Earth Magic
   247 | D        | Found a radiant altar of Vehumet.
   260 | D        | Killed a yak
   267 | D        | Bought a +0 cloak for 54 gold pieces
   366 | D        | Learned a level 5 spell: Lee's Rapid Deconstruction
   378 | D        | Found a burning altar of Makhleb.
   378 | D        | Found a viscous altar of Jiyva.
   378 | D        | Found a shimmering altar of Xom.
   378 | D        | Found a corrupted altar of Lugonu.
   378 | D        | Noticed a slime creature
   390 | D        | Killed a slime creature
   390 | D        | Reached ** piety under Dithmenos
   390 | D        | Gained mutation: You have large cloven feet. [demonic ancestry]
   390 | D        | Reached XP level 7. HP: 46/46 MP: 8/19
   444 | D        | Noticed Sonja
   448 | D        | Killed Sonja
   448 | D        | Reached skill level 10 in Spellcasting
   448 | D        | Gained mutation: Your flesh is cold resistant. (rC+) [demonic ancestry]
   448 | D        | Reached XP level 8. HP: 52/52 MP: 11/22
   467 | D        | Found Qoux's Weapon Boutique.
   475 | D        | Bought a +1 dagger of venom for 112 gold pieces
   511 | D        | Noticed a shining eye
   511 | D        | Noticed a shining eye
   511 | D        | Noticed a shining eye
   511 | D        | Gained mutation: Your magical capacity is low. (-10% MP) [a shining eye]
   515 | D        | Gained mutation: You are weak. (Str -2) [a shining eye]
   518 | D        | Killed a shining eye
   518 | D        | Reached skill level 11 in Earth Magic
   518 | D        | Reached *** piety under Dithmenos
   518 | D        | Reached skill level 12 in Earth Magic
   519 | D        | Noticed a shining eye
   519 | D        | Noticed a shining eye
   523 | D        | Killed a shining eye
   523 | D        | Reached skill level 13 in Earth Magic
   523 | D        | Reached XP level 9. HP: 57/57 MP: 11/21
   523 | D        | Gained mutation: Your magical capacity is very low. (-20% MP) [a shining eye]
   525 | D        | Killed a shining eye
   525 | D        | Gained mutation: You are robust. (+10% HP) [a shining eye]
   526 | D        | Noticed a shining eye
   528 | D        | Noticed a shining eye
   529 | D        | Noticed a shining eye
   530 | D        | Killed a shining eye
   530 | D        | Reached **** piety under Dithmenos
   530 | D        | Gained mutation: Your body sometimes deteriorates upon taking damage. [a shining eye]
   531 | D        | Killed a shining eye
   531 | D        | Killed a shining eye
   531 | D        | Gained mutation: You are dopey. (Int -2) [a shining eye]
   543 | D        | Killed a shining eye
   543 | D        | Reached XP level 10. HP: 66/69 MP: 3/19
   548 | D        | Gained mutation: Your body often deteriorates upon taking damage. [a shining eye]
   549 | D        | Killed a shining eye
   549 | D        | Reached ***** piety under Dithmenos
   646 | D        | Found Leezip's Magic Scroll Shop.
   646 | D        | Found Cine's Assorted Antiques.
   646 | D        | Found Kujamp's Jewellery Boutique.
   646 | D        | Found Ritalack's Gadget Emporium.
   661 | D        | Bought a buckler for 94 gold pieces
   766 | D        | Bought a scroll labeled KEICZE TAOFO for 21 gold pieces
   766 | D        | Bought a scroll labeled KEICZE TAOFO for 21 gold pieces
   766 | D        | Bought a scroll labeled CAMIEBI UTETH for 21 gold pieces
   766 | D        | Bought a scroll labeled OTREIC CYR for 21 gold pieces
   766 | D        | Bought a silver ring for 105 gold pieces
   773 | D        | Bought a scroll of identify for 20 gold pieces
   773 | D        | Bought a scroll of identify for 20 gold pieces
   773 | D        | Bought a scroll of identify for 20 gold pieces
   775 | D        | Bought a scroll of enchant armour for 75 gold pieces
   775 | D        | Bought a scroll of enchant armour for 75 gold pieces
   864 | D        | Noticed a lindwurm
   870 | D        | Killed a lindwurm
   931 | D        | Reached skill level 10 in Stealth
   975 | D        | Killed a gargoyle
  1024 | D        | Reached ****** piety under Dithmenos
  1026 | D        | Noticed a gargoyle
  1158 | D        | Killed a gargoyle
  1386 | D        | HP: 1/80 [something (22)]
  1388 | D        | Annihilated by a lorocyproca

Vault maps used:
D:        dungeon_sprint_1

Skill      XL: |  1  2  3  4  5  6  7  8  9 10 |
---------------+-------------------------------+-----
Spellcasting   | 3 5 6 9 10 | 10.5
Earth Magic    | 5 7 9 10 13 | 13.4
Dodging        | 6 |  6.0
Transmutations | 6 |  6.8
Stealth        | 8 10 | 10.0
Short Blades   | 7 9 |  9.3
Shields        | 3 |  3.9
Fighting       | 4 |  4.6

Action                   |  1- 3 |  4- 6 |  7- 9 | 10-12 || total
-------------------------+-------+-------+-------+-------++-------
Melee: Unarmed           |     4 |       |       |       ||     4
       Dagger            |       |       |       |    38 ||    38
       Kick              |       |       |       |    10 ||    10
Throw: Stone             |     1 |     1 |       |       ||     2
 Cast: Sandblast         |     3 |    17 |     4 |     5 ||    29
       Passwall          |     4 |       |       |    16 ||    20
       Petrify           |       |     1 |     1 |       ||     2
       Lee's Rapid Decon |       |       |    10 |     5 ||    15
  Use: Potion            |     1 |       |     3 |     4 ||     8
       Scroll            |       |       |       |     5 ||     5
 Stab: Sleeping          |       |       |       |     5 ||     5
  Eat: Bread ration      |       |       |       |     1 ||     1
       Royal jelly       |       |       |       |     1 ||     1
       Chunk             |       |       |       |     1 ||     1
Armor: Robe              |       |       |       |     5 ||     5
Dodge: Dodged            |     1 |     1 |       |    27 ||    29

Table legend:
 A = Spawn XP
 B = Non-spawn XP
 C = Spawn XP percentage of total XP
 D = Spawn monster count
 E = Non-spawn monster count
 F = Spawn count percentage of total count
 G = Total turns spent on level
                    A         B        C        D         E        F      G
               +---------+---------+-------+---------+---------+-------+---------
         Total |       0 |    9098 |   0.0 |       0 |      26 |   0.0 |  1388
               +---------+---------+-------+---------+---------+-------+---------
             D |       0 |    9098 |   0.0 |       0 |      26 |   0.0 |  1388
               +---------+---------+-------+---------+---------+-------+---------
